 Dungeon Crawl Stone Soup version 0.16.1-7-g2c6721e (webtiles) character file.

253 Zugr the Ruffian (level 5, 0/45 HPs)
             Began as a Minotaur Fighter on Mar 29, 2015.
             Slain by a worker ant (12 damage)
             ... on level 4 of the Dungeon.
             The game lasted 00:10:14 (2688 turns).

Zugr the Ruffian (Minotaur Fighter)                 Turns: 2688, Time: 00:10:14

Health: 0/45       AC:  8    Str: 20    XL:     5   Next: 90%
Magic:  2/2        EV:  7    Int:  5    God:
Gold:   260        SH:  9    Dex: 11    Spells: 0 memorised, 4 levels left

rFire  . . .     SeeInvis .       - Unarmed
rCold  . . .     Clarity  .     b - +0 scale mail
rNeg   . . .     SustAb   .     c - +0 shield
rPois  .         Gourm    .     (helmet restricted)
rElec  .         Spirit   .     (no cloak)
rCorr  .         Warding  .     (no gloves)
rMut   .         Stasis   .     i - +0 pair of boots
MR     .....                    (no amulet)
Stlth  ..........               (no ring)
                                (no ring)

@: glowing, not resistant to hostile enchantments, extremely unstealthy
A: retaliatory headbutt, horns 2
a: no special abilities


You were on level 4 of the Dungeon.
You were not hungry.

You visited 1 branch of the dungeon, and saw 4 of its levels.

You collected 260 gold pieces.

Inventory:

Missiles
 h - 114 stones (quivered)
Armour
 b - a +0 scale mail (worn)
 c - a +0 shield (worn)
 i - a +0 pair of boots (worn)
Potions
 e - a potion of might
 g - 3 potions of magic
 j - a potion of cure mutation
 n - a potion of lignification
Comestibles
 a - a bread ration
 d - 2 meat rations


   Skills:
 - Level 3.6 Fighting
 - Level 3.6 Armour
 - Level 3.6 Shields
 + Level 6.9 Unarmed Combat


You had 4 spell levels left.
You didn't know any spells.

Dungeon Overview and Level Annotations

Branches:
Dungeon (4/15)
 Temple: D:4-7

Altars:
Gozag
Xom
The Shining One

Annotations:
D:4 Zigurun's ghost, average SpEn


Innate Abilities, Weirdness & Mutations

You reflexively headbutt those who attack you in melee.
You have a pair of horns on your head.


Message History

Zigurun's ghost hits you. The worker ant bites you.
Things that are here:
an uncursed dagger; an uncursed blowgun; 2 poisoned needles Zigurun's ghost barely misses you.
What do you say? t - Shout!
Orders for allies: a - Attack new target. r - Retreat! s - Stop attacking. w - Wait here. f - Follow me.
Anything else - Stay silent.
Okay, then.
The worker ant bites you.
* * * LOW HITPOINT WARNING * * *
Zigurun's ghost barely misses you.
You feel less confused. You block the worker ant's attack.
Zigurun's ghost points at you and mumbles some strange words.
You fall asleep.
The worker ant bites you!
You wake up.
You die...

*.#* **** ###.#####
**,,, ###.......##
**,,,, ###<.........##
**,,,,,
#.#...........##
**,,,,,,
#.(............#
*,,,,,,,
###(...........#
*,,,,,,, #.(..........#
*,,,,,,, #....a@......#
*,,,,,,,
#...)W.......#**,,,,,,,
#.............,,,,,,,,,
#...........##**,,,,,,,
#...........# *,,,,,,,
#....(......# *,,,,,,,
##...†(.....# *,,,,,,,
#....[.....# ********
##..))...###


You could see a worker ant and Zigurun's ghost.

Vanquished Creatures
  The ghost of valak23 the Shield-Bearer, an average DgFi (D:3)
  An orc wizard (D:4)
  6 adders
  3 worms
  A giant gecko (D:1)
  3 orcs (D:4)
  A giant cockroach (D:2)
  14 hobgoblins
  8 bats
  3 giant newts
  14 goblins
  7 kobolds
  A quokka (D:3)
  6 rats
  A fungus (D:1)
70 creatures vanquished.

Notes
Turn   | Place    | Note
--------------------------------------------------------------
     0 | D:1      | Zugr, the Minotaur Fighter, began the quest for the Orb.
     0 | D:1      | Reached XP level 1. HP: 19/19 MP: 1/1
   111 | D:1      | Reached XP level 2. HP: 26/26 MP: 1/1
   273 | D:1      | Found a shimmering altar of Xom.
   889 | D:2      | Reached skill level 4 in Unarmed Combat
   889 | D:2      | Reached XP level 3. HP: 31/31 MP: 2/2
   944 | D:2      | Found a glowing golden altar of the Shining One.
  1311 | D:2      | Reached XP level 4. HP: 12/39 MP: 2/2
  1748 | D:3      | Reached skill level 5 in Unarmed Combat
  1836 | D:3      | Found an opulent altar of Gozag.
  1863 | D:3      | Noticed valak23's ghost (average DgFi)
  1870 | D:3      | Killed valak23's ghost
  1870 | D:3      | Reached skill level 6 in Unarmed Combat
  1870 | D:3      | Reached XP level 5. HP: 26/45 MP: 2/2
  2590 | D:4      | HP: 1/45 [something/magic dart (3)]
  2666 | D:4      | Noticed Zigurun's ghost (average SpEn)
  2688 | D:4      | Slain by a worker ant

Action                   |  1- 3 |  4- 6 || total
-------------------------+-------+-------++-------
Melee: Unarmed           |   131 |    82 ||   213
Throw: Stone             |       |    14 ||    14
  Use: Scroll            |       |    10 ||    10
       Potion            |       |     3 ||     3
  Eat: Chunk             |     1 |     3 ||     4
       Bread ration      |       |     1 ||     1
